 Dungeon Crawl Stone Soup version 0.18-b1-22-ge198996 (webtiles) character file.

84 Zhenya25pyc the Skirmisher (level 4, -5/29 HPs)
             Began as a Gargoyle Fighter on May 3, 2016.
             Killed by nerve-wracking pain
             ... invoked by an orc priest
              (15 damage)
             ... on level 3 of the Dungeon.
             The game lasted 00:02:53 (1351 turns).

Zhenya25pyc the Skirmisher (Gargoyle Fighter)       Turns: 1351, Time: 00:02:54

Health: -5/29      AC: 11    Str: 20    XL:     4   Next: 45%
Magic:  4/4        EV:  7    Int:  9    God:
Gold:   66         SH:  9    Dex:  9    Spells: 0 memorised, 3 levels left

rFire  . . .     SeeInvis .     a - +0 flail
rCold  . . .     Gourm    .     b - +0 scale mail
rNeg   + . .     Faith    .     c - +0 shield
rPois  ∞         Spirit   .     (no helmet)
rElec  +         Dismiss  .     (no cloak)
rCorr  .         Reflect  .     (no gloves)
SustAt .         Harm     +     j - +0 pair of boots
MR     .....                    i - amulet of harm
Stlth  ..........               (no ring)
                                (no ring)

@: not resistant to hostile enchantments, extremely unstealthy
A: negative energy resistance 1, electricity resistance, unbreathing,
petrification resistance, rot immunity, AC +3
a: no special abilities


You were on level 3 of the Dungeon.
You were not hungry.

You visited 1 branch of the dungeon, and saw 3 of its levels.

You collected 66 gold pieces.

Inventory:

Hand Weapons
 a - a +0 flail (weapon)
Armour
 b - a +0 scale mail (worn)
 c - a +0 shield (worn)
 j - a +0 pair of boots (worn)
 m - a +0 plate armour
Jewellery
 i - an amulet of harm (around neck)
Scrolls
 h - a scroll of blinking {unknown}
 l - a scroll of identify {unknown}
 n - a scroll of random uselessness {unknown}
 o - a scroll of enchant weapon {unknown}
 p - 2 scrolls of teleportation {unknown}
Potions
 d - 2 potions of might
 e - a potion of haste {unknown}
 k - a potion of brilliance {unknown}
Comestibles
 f - a bread ration
 g - 3 meat rations


   Skills:
 + Level 4.0 Fighting
 * Level 3.2 Maces & Flails
 + Level 3.9 Armour
 + Level 3.5 Shields


You had 3 spell levels left.
You didn't know any spells.

Dungeon Overview and Level Annotations

Branches:
Dungeon (3/15)

Altars:


Innate Abilities, Weirdness & Mutations

You are resistant to torment.
Your stone body is resilient (AC +3).
You are immune to poison.
You resist negative energy.
You are resistant to electric shocks.
You can survive without breathing.
You are immune to petrification.
You are immune to rotting.


Message History

You block the orc's attack.
The orc wizard hits you but does no damage.
The rat barely misses you. The orc hits you but does no damage. x2
You miss the orc wizard.
The orc wizard is moderately wounded.
You block the orc wizard's attack. The rat bites you but does no damage.
The orc hits you with a short sword. You block the orc's attack.
The orc wizard barely misses you. The rat bites you.
You barely miss the orc wizard.
The orc wizard is moderately wounded.
The orc closely misses you. You block the orc's attack.
The orc priest hits you but does no damage.
The orc wizard points at you and mumbles some strange words.
The magic dart hits you! You block the rat's attack.
The orc hits you with a short sword.
You barely miss the orc priest. The orc barely misses you.
The orc priest calls down the wrath of Beogh upon you.
Pain shoots through your body!
Ouch! That really hurt!
You die...

......# .......##
......# #.........
......# .......r
###.#.# ##......
###..## #.....#####
......###
###..........
..###...#
#.........# #.#
#..## #....>r.# #.#
##.# #..)..@o#. #.#
#.####....ooo...#
#.#
#...##.......##...#
#.# #.#....#.#####
... #.# #.##.....#
. #.. #....#.###
... .......#
.........#
.........#


You could see an orc priest, an orc wizard, 2 orcs and a rat.

Vanquished Creatures
  2 adders (D:2)
  3 worms (D:2)
  2 dart slugs (D:1)
  A giant gecko (D:1)
  An orc (D:3)
  2 ball pythons
  A giant cockroach (D:1)
  7 goblins
  5 hobgoblins (D:1)
  3 jackals (D:2)
  5 kobolds
  A quokka (D:2)
  5 bats
  5 giant newts
  8 rats
51 creatures vanquished.

Notes
Turn   | Place    | Note
--------------------------------------------------------------
     0 | D:1      | Zhenya25pyc the Gargoyle Fighter began the quest for the Orb.
     0 | D:1      | Reached XP level 1. HP: 14/14 MP: 1/1
    97 | D:1      | Reached XP level 2. HP: 19/19 MP: 2/2
   407 | D:1      | Reached XP level 3. HP: 24/24 MP: 3/3
   993 | D:2      | Reached XP level 4. HP: 26/29 MP: 4/4
  1014 | D:2      | Reached skill level 4 in Fighting
  1351 | D:3      | Killed from afar by an orc priest

Skill      XL: |  1  2  3  4 |
---------------+-------------+-----
Maces & Flails | 3 |  3.2
Fighting       | 4 |  4.0
Armour         | |  3.9
Shields        | |  3.5

Action                   |  1- 3 |  4- 6 || total
-------------------------+-------+-------++-------
Melee: Flail             |   151 |    57 ||   208
  Eat: Chunk             |     1 |     1 ||     2
Armor: Scale mail        |    82 |    39 ||   121
Dodge: Dodged            |    63 |    26 ||    89
Block: Shield            |    86 |    35 ||   121
